 Dungeon Crawl Stone Soup version 0.25-a0-482-g9b3b753f3f (webtiles) character file.

Game seed: 17061369689283540019, levelgen mode: deterministic

19 RedPan the Grave Robber (level 2, 0/20 HPs)
             Began as a Ghoul Necromancer on Feb 10, 2020.
             Slain by an adder (4 damage)
             ... on level 1 of the Dungeon.
             The game lasted 00:01:32 (1060 turns).

RedPan the Grave Robber (Ghoul Necromancer)         Turns: 1060, Time: 00:01:32

Health: 0/20       AC:  2    Str: 11    XL:     2   Next: 75%
Magic:  0/4        EV: 12    Int: 10    God:
Gold:   66         SH:  0    Dex:  9    Spells: 3/5 levels left

rFire    . . .     SeeInvis .   b - +0 short sword
rCold    + . .     Gourm    .   (no shield)
rNeg     + + +     Faith    .   a - +0 robe
rPois    ∞         Spirit   .   (no helmet)
rElec    .         Reflect  .   (no cloak)
rCorr    .         Harm     .   (no gloves)
MR       .....                  (no boots)
Stlth    ++........             (no amulet)
HPRegen  0.00/turn              (no ring)
MPRegen  0.09/turn              (no ring)

@: very slightly contaminated, rotting
A: rotting body, claws 1, carnivore, cold resistance 1, negative energy
resistance 3, inhibited regeneration, torment resistance, unbreathing
a: no special abilities


You were on level 1 of the Dungeon.
You were not hungry.

You visited 1 branch of the dungeon, and saw 2 of its levels.

You collected 66 gold pieces.

Inventory:

Hand Weapons
 b - a +0 short sword (weapon)
Armour
 a - a +0 robe (worn)
Scrolls
 g - 2 scrolls of teleportation {unknown}
 h - a scroll of remove curse {unknown}
 i - a scroll of enchant armour {unknown}
Potions
 e - a potion of curing {unknown}
 f - 2 potions of heal wounds {unknown}
Comestibles
 c - 2 rations
 d - a chunk of flesh


   Skills:
 - Level 2.0 Dodging
 - Level 2.1 Stealth
 + Level 2.2 Spellcasting
 + Level 4.3 Necromancy


You had 3 spell levels left.
You knew the following spells:

 Your Spells              Type           Power        Failure   Level  Hunger
a - Pain                  Necr           #...         5%          1    ##.....
b - Animate Skeleton      Necr           N/A          5%          1    ##.....

Your spell library contained the following spells:

 Spells                   Type           Power        Failure   Level  Hunger
 Vampiric Draining        Necr           #.........   16%         3    ####...
 Animate Dead             Necr           N/A          45%         4    #####..
 Agony                    Necr           #.......     82%         5    ######.


Dungeon Overview and Level Annotations

Branches:
Dungeon (2/15)

Altars:


Innate Abilities, Weirdness & Mutations

Your body is rotting away.
You thrive on raw meat.
You are immune to poison.
You have sharp fingernails.
You are carnivorous and can eat meat at any time.
Your flesh is cold resistant. (rC+)
You are immune to negative energy. (rN+++)
You do not regenerate when monsters are visible.
You are immune to unholy pain and torment.
You can survive without breathing.


Message History

Confirm with . or Enter, or press ? or * to list all spells.
Aiming: Pain (safe; 5% risk of failure)
Press: ? - help, Shift-Dir - straight line, f/p - adder
Aim: an adder (lightly wounded, chance to defeat MR: 68%)
The adder writhes in agony.
The adder bites you.
* * * LOW HITPOINT WARNING * * *
Casting: Pain (safe; 5% risk of failure)
Confirm with . or Enter, or press ? or * to list all spells.
Aiming: Pain (safe; 5% risk of failure)
Press: ? - help, Shift-Dir - straight line, f/p - adder
Aim: an adder (moderately wounded, chance to defeat MR: 68%)
The adder writhes in agony.
The adder completely misses you.
Casting: Pain (safe; 5% risk of failure)
Confirm with . or Enter, or press ? or * to list all spells.
You don't have enough magic to cast that spell.
Casting: Pain (safe; 5% risk of failure)
Confirm with . or Enter, or press ? or * to list all spells.
You don't have enough magic to cast that spell.
The adder bites you.
You die...

#.# #...........# #.#
#...........# #.#
######.############ #.# #.#
###.....# #.# ##### #.#
#.......# #.# #...# #.#
#.......# #.# #...# #.#
#.......#
#.#####)..####.####.......#
#..÷......@>...............
#######...#S##.####.....###
#####................
#.....(.........###
########...............#
#......................#
#.................########
#.......#####.##### #...
#.....).# #.# #######...


You could see an adder.

Vanquished Creatures
  A leopard gecko (D:1)
  A ball python (D:1)
  2 bats (D:1)
  A giant cockroach (D:1)
  A goblin (D:1)
  A hobgoblin (D:1)
  2 jackals (D:1)
  A frilled lizard (D:1)
  3 kobolds (D:1)
  3 rats (D:1)
16 creatures vanquished.

Vanquished Creatures (collateral kills)
  A kobold (D:1)
1 creature vanquished.

Grand Total: 17 creatures vanquished

Notes
Turn   | Place    | Note
-------+----------+-------------------------------------------
     0 | D:1      | RedPan the Ghoul Necromancer began the quest for the Orb.
     0 | D:1      | Reached XP level 1. HP: 14/14 MP: 2/2
   105 | D:1      | Learned a level 1 spell: Animate Skeleton
   331 | D:1      | Reached XP level 2. HP: 19/20 MP: 4/4
  1060 | D:1      | Slain by an adder

Levels and vault maps discovered:
D:1:      shiori_shiawase, layout_basic
D:2:      layout_rooms, minmay_door_square

Skill      XL: |  1 |
---------------+----+-----
Dodging        | 2 |  2.0
Spellcasting   | 2 |  2.2
Stealth        | |  2.1
Necromancy     | |  4.3

Action                   || total
-------------------------++-------
Melee: Short sword       ||    32
 Cast: Pain              ||    29
       Animate Skeleton  ||     1
  Eat: Chunk             ||     5
Armor: Robe              ||    12
Dodge: Dodged            ||    43

Table legend:
 A = Non-vault XP
 B = Vault XP
 C = Vault XP percentage of total XP
 D = Non-vault monster count
 E = Vault monster count
 F = Vault count percentage of total count
                 A         B        C        D         E       F
            +---------+---------+-------+---------+---------+-------
      Total |      28 |       0 |   0.0 |      17 |       0 |   0.0
            +---------+---------+-------+---------+---------+-------
        D:1 |      28 |       0 |   0.0 |      17 |       0 |   0.0
            +---------+---------+-------+---------+---------+-------
